 Dungeon Crawl Stone Soup version 0.17.0-24-gcfadda4 (webtiles) character file.

177972 dorian the Devastator (level 17, -3/137 HPs)
             Began as a Black Draconian Fire Elementalist on Nov 13, 2015.
             Was the Champion of Vehumet.
             Slain by a demonic crawler (9 damage)
             ... on level 2 of the Spider Nest on Nov 16, 2015.
             The game lasted 04:19:06 (63096 turns).

dorian the Devastator (DrFE)                       Turns: 63096, Time: 04:19:08

Health: -3/137     AC: -13   Str: 14    XL:     17   Next: 56%
Magic:  27/52      EV: 15    Int: 21    God:    Vehumet [******]
Gold:   2487       SH:  0    Dex: 12    Spells: 10 memorised, 7 levels left

rFire  x x .     SeeInvis .     p - staff of power
rCold  + + .     Clarity  .     (armour unavailable)
rNeg   . . .     SustAt   .     (no shield)
rPois  +         Gourm    .     o - +1 hat
rElec  +         Spirit   .     l - +1 cloak
rCorr  .         Warding  .     F - +2 pair of gloves
rMut   .         Stasis   .     (no boots)
MR     ++++.                    (no amulet)
Stlth  ++........               f - ring "Variebakk" {Ice rPois MR++}
                                N - ring of ice

@: corroded equipment, flying, delayed fireball, incredibly resistant to hostile
enchantments, unstealthy
A: breathe lightning, unfitting armour, big wings, high mp 1, magic resistance
1, electricity resistance, strong 1, cold-blooded, subdued magic 1, AC +9
a: Breathe Lightning, Stop Flying, Renounce Religion, Release Delayed Fireball


You were on level 2 of the Spider Nest.
You worshipped Vehumet.
Vehumet was exalted by your worship.
You were hungry.

You visited 6 branches of the dungeon, and saw 33 of its levels.
You visited the Abyss 1 time.

You collected 3760 gold pieces.
You spent 1273 gold pieces at shops.

Inventory:

Hand Weapons
 e - the +1 broad axe "Ostraiz" {flame, *Rage MP+9 SInv}
   (You bought it in a shop on level 10 of the Dungeon)

   It has been specially enchanted to burn those struck by it, causing extra
   injury to most foes and up to half again as much damage against particularly
   susceptible opponents.
   Big, fiery blades are also staple armaments of hydra-hunters.
   It affects your magic capacity (+9).
   It lets you see invisible.
   It may make you go berserk in combat.
Missiles
 T - 26 javelins (quivered)
Armour
 l - a +1 cloak (worn)
 o - a +1 hat (worn)
 F - a +2 pair of gloves (worn)
Magical Staves
 p - an uncursed staff of power (weapon)
Jewellery
 f - the ring "Variebakk" (right hand) {Ice rPois MR++}
   (You found it on level 1 of the Shoals)

   [ring of ice]

   It enhances your ice magic, and weakens your fire magic.
   It makes you vulnerable to fire.
   It protects you from cold.
   It protects you from poison.
   It affects your resistance to hostile enchantments.
 j - an uncursed ring of ice
 t - an uncursed ring of invisibility
 v - an uncursed ring of ice
 C - an uncursed ring of sustain attributes
 E - a +3 ring of evasion
 G - a +2 ring of evasion
 K - an uncursed amulet of stasis
 N - a ring of ice (left hand)
Wands
 d - a wand of heal wounds (2)
 i - a wand of confusion (28)
 n - a wand of teleportation (2)
 s - a wand of cold (1)
 x - a wand of enslavement (15)
 z - a wand of confusion (19)
 I - a wand of fireball (0)
 Q - a wand of paralysis (0)
 S - a wand of cold (0)
 Z - a wand of fire (0)
Scrolls
 a - a scroll of vulnerability
 c - 7 scrolls of remove curse
 g - 17 scrolls of identify
 H - a scroll of magic mapping
 J - a scroll of enchant armour
 M - 6 scrolls of teleportation
 O - 6 scrolls of fear
 P - 6 scrolls of recharging
 R - a scroll of amnesia
Potions
 h - a potion of might
 k - 4 potions of brilliance
 m - 7 potions of curing
 r - 2 potions of haste
 w - a potion of cancellation
 A - a potion of berserk rage
 B - a potion of resistance
 D - 2 potions of agility
 L - a potion of mutation
 V - a potion of heal wounds
Books
 y - a book of Enchantments

   Spells                             Type                      Level
   a - Cause Fear                     Hexes                        4
   b - Silence                        Hexes/Air                    5
   c - Deflect Missiles               Charms/Air                   6
   d - Haste                          Charms                       6
   e - Discord                        Hexes                        8
Miscellaneous
 q - a box of beasts
 U - a phial of floods
 X - a phantom mirror
 Y - a lamp of fire
Comestibles
 u - 2 fruits


   Skills:
 - Level 9.1 Fighting
 - Level 7.3 Dodging
 - Level 1.7 Stealth
 + Level 12.6 Spellcasting
 + Level 16.7 Conjurations
 + Level 16.0 Fire Magic
 - Level 7.6 Ice Magic
 - Level 13.4 Air Magic


You had 7 spell levels left.
You knew the following spells:

 Your Spells              Type           Power        Failure   Level  Hunger
a - Flame Tongue          Conj/Fire      ##...        0%          1    None
b - Sticky Flame          Conj/Fire      ##......     0%          4    None
c - Mephitic Cloud        Conj/Pois/Air  #####...     0%          3    None
d - Fireball              Conj/Fire      ##........   0%          5    ####...
e - Static Discharge      Conj/Air       ######..     0%          3    None
f - Swiftness             Chrm/Air       ####....     1%          2    None
g - Delayed Fireball      Conj/Fire      N/A          1%          7    #######
h - Freezing Cloud        Conj/Ice/Air   #######...   1%          6    #####..
i - Bolt of Magma         Conj/Fire/Erth #.........   1%          5    ####...
j - Conjure Flame         Conj/Fire      ##......     0%          3    None


Dungeon Overview and Level Annotations

Branches:
Dungeon (15/15)            Temple (1/1) D:5            Lair (8/8) D:9
 Shoals (3/4) Lair:5       Spider (2/4) Lair:3        Slime (0/6) Lair:6
    Orc (4/4) D:10            Elf (0/3) Orc:3        Vaults (0/5) D:13
 Depths (0/5) D:15

Altars:
Ashenzari
Cheibriados
Dithmenos
Elyvilon
Fedhas
Gozag
Makhleb
Nemelex Xobeh
Okawaru
Ru
Sif Muna
Vehumet
Xom
Yredelemnul
Zin
The Shining One
Beogh

Shops:
D:10 (   D:12 [   D:14 [   Orc:4 [:(*[   Shoals:3 ?

Annotations:
D:4 zkyp's ghost, novice FoAK
D:8 Dirtsage's ghost, novice OpMo
Lair:4 exclusion: ice statue


Innate Abilities, Weirdness & Mutations

You can breathe wild blasts of lightning.
Your glossy black scales are hard (AC +9).
Your body does not fit into most forms of armour.
Your large and strong wings let you fly indefinitely.
You are resistant to electric shocks.
You are cold-blooded and may be slowed by cold attacks.
You have an increased reservoir of magic (+10% MP).
You are resistant to hostile enchantments.
Your muscles are strong. (Str +2)
Your spells are a little easier to cast, but a little less powerful.


Message History

The demonic crawler is engulfed in freezing vapours.
The demonic crawler hits you.
* * * LOW HITPOINT WARNING * * *
The demonic crawler hits you!
* * * LOW HITPOINT WARNING * * *
The demonic crawler closely misses you.
Read which item? (? for menu, Esc to quit)
As you read the scroll of fear, it crumbles to dust.
You assume a fearsome visage.
The entropy weaver looks frightened!
The demonic crawler is unaffected.
The tarantella looks frightened!
The entropy weaver resists with some effort.
The redback looks frightened!
The wolf spider looks frightened!
The entropy weaver screams the final syllables of the word of entropy!
The word of entropy corrodes you!
The wolf spider is engulfed in freezing vapours.
The entropy weaver is engulfed in freezing vapours.
The entropy weaver struggles to get unstuck from the web.
The demonic crawler is engulfed in freezing vapours.
The demonic crawler hits you!
You die...

..$...^..........
.....§.(................
..§§§§#$......#.........
§§§§§§$......^..$.......
§§§§§§.........s...#....
§§§§p§§§§.....<.........
. §§§§§§§.......).....#.
...§#§s§§...............
...§§s.@§.....^.........
...§§.^§§§§.......s.....
..§§..§.§s§§............
.......§§.§............
......§§§.....)......^
...^...........
...........^...
.#...s#..p.....


You could see 2 entropy weavers, a demonic crawler, a wolf spider (fleeing), a
tarantella (fleeing) and a redback (fleeing).

Vanquished Creatures
  Rupert (Lair:3)
  3 krakens
  Agnes (D:15)
  A frost giant (Shoals:1)
  Nessos (Orc:4)
  Snorg (D:11)
  A merfolk javelineer (Shoals:1)
  4 merfolk impalers
  Fannar (Lair:1)
  8 hydras
  Harold (Orc:1)
  2 yaktaur captains
  A catoblepas (shapeshifter) (D:13)
  5 centaur warriors
  4 merfolk avatars
  A catoblepas (Lair:6)
  2 merfolk aquamancers
  4 death yaks
  2 ogre magi (D:15)
  An alligator snapping turtle (Shoals:1)
  4 orc high priests (Orc:4)
  2 tengu warriors
  Urug (D:13)
  Nergalle (Orc:1)
  3 skeletal warriors (D:13)
  9 sea snakes
  3 unseen horrors
  8 hill giants
  Pikel (D:7)
  6 orb spiders
  2 orc knights
  6 wolf spiders
  12 griffons
  20 harpies
  A hornet (Spider:1)
  16 ugly things
  A moth of wrath (shapeshifter) (D:14)
  2 orc sorcerers
  A manticore (shapeshifter) (D:15)
  11 cyclopes
  9 fauns
  3 water nymphs (Shoals:1)
  3 sirens
  4 black mambas
  Maurice (D:12)
  A moth of wrath (Spider:1)
  7 manticores
  6 elephants
  4 torpor snails
  Psyche (D:8)
  A gargoyle (D:12)
  16 spiny frogs
  An efreet (D:15)
  3 yaktaurs
  7 fire drakes
  10 trolls
  A redback zombie (D:11)
  3 kobold demonologists
  6 demonic crawlers
  11 jumping spiders
  7 komodo dragons
  3 tengu conjurers
  11 merfolk
  7 polar bears
  2 harpy zombies
  2 freezing wraiths
  11 slime creatures
  Prince Ribbit (D:9)
  2 giant leeches (Lair:8)
  A wind drake (Shoals:1)
  24 blink frogs
  6 two-headed ogres
  3 trapdoor spiders
  A vampire (D:13)
  2 deep elf magi
  9 snapping turtles
  10 redbacks
  A spriggan (D:7)
  71 yaks
  15 water elementals
  8 wyverns
  10 tarantellas
  7 basilisks
  7 vampire mosquitoes
  15 hippogriffs
  5 hungry ghosts
  12 wolves
  A steam dragon (Lair:8)
  Menkaure (D:7)
  Edmund (D:6)
  2 mottled dragons
  23 porcupines
  2 soldier ants
  30 orc warriors
  Duvessa (D:7)
  A sky beast (D:10)
  13 water moccasins
  4 wasps (Lair:8)
  A black bear (D:13)
  6 spiders
  A swamp drake (Lair:8)
  2 eyes of draining (D:13)
  A necrophage (D:8)
  18 centaurs
  5 boggarts (D:15)
  A phantom (D:9)
  9 ice beasts
  20 ogres
  19 crocodiles
  8 big kobolds
  27 giant frogs
  2 gnoll sergeants
  3 wyvern zombies
  3 brain worms (Lair:8)
  Dowan (D:7)
  19 killer bees
  2 scorpions
  4 electric eels
  12 wights
  10 crimson imps
  2 quasits
  46 orc wizards
  2 giant frog zombies
  2 centaur skeletons
  6 hounds
  Ijyb (D:2)
  5 centaur zombies
  3 jellies
  42 orc priests
  Jessica (D:8)
  3 giant frog skeletons
  A gnoll shaman (D:4)
  7 iguanas
  9 worker ants
  A killer bee zombie (D:8)
  42 sheep
  A hound zombie (D:7)
  A hound skeleton (D:11)
  20 gnolls
  62 river rats
  3 worker ant zombies
  13 adders
  4 shadow imps
  2 white imps (Lair:4)
  An adder skeleton (D:4)
  6 worms (Lair:8)
  4 giant geckos
  204 orcs
  9 giant cockroaches
  4 hobgoblins
  17 jackals
  26 kobolds
  4 quokkas
  A ball python (D:2)
  3 bats
  A giant gecko skeleton (D:4)
  5 giant newts
  7 goblins
  A jackal zombie (D:9)
  A quokka skeleton (D:7)
  6 rats
  A fungus (Lair:4)
  10 plants
  A tentacle (Shoals:2)
  A tentacle segment (Shoals:2)
1351 creatures vanquished.

Vanquished Creatures (collateral kills)
  A death knight (Abyss:1)
  A centaur skeleton (D:15)
  A river rat (Lair:3)
3 creatures vanquished.

Vanquished Creatures (others)
  3 slaves (D:7)
  2 jellies (D:7)
  A giant frog skeleton (D:7)
  An orc wizard (D:7)
  A sheep (Shoals:3)
  A gnoll (D:7)
  2 orcs
  A quokka (D:9)
  A giant cockroach (D:7)
  33 fungi
  48 plants
  37 tentacles
  1272 tentacle segments
1403 creatures vanquished.

Grand Total: 2757 creatures vanquished

Notes
Turn   | Place    | Note
--------------------------------------------------------------
     0 | D:1      | dorian the Draconian Fire Elementalist began the quest for the Orb.
     0 | D:1      | Reached XP level 1. HP: 14/14 MP: 3/3
   287 | D:1      | Reached XP level 2. HP: 20/20 MP: 1/5
   905 | D:2      | Noticed Ijyb
   914 | D:2      | Killed Ijyb
   914 | D:2      | Reached XP level 3. HP: 18/26 MP: 0/6
  1346 | D:2      | Reached skill level 4 in Fire Magic
  1628 | D:3      | Reached XP level 4. HP: 33/33 MP: 3/7
  1757 | D:3      | Found a glowing golden altar of the Shining One.
  2652 | D:4      | Found an opulent altar of Gozag.
  2858 | D:4      | Reached XP level 5. HP: 32/38 MP: 8/8
  2943 | D:4      | Learned a level 4 spell: Sticky Flame
  3006 | D:4      | Noticed zkyp's ghost (novice FoAK)
  3690 | D:4      | Reached skill level 5 in Fire Magic
  3984 | D:4      | Reached XP level 6. HP: 37/45 MP: 4/9
  4571 | D:5      | Entered Level 5 of the Dungeon
  4572 | D:5      | Found a sacrificial altar of Ru.
  4789 | D:5      | Found a staircase to the Ecumenical Temple.
  4810 | D:5      | Reached skill level 5 in Conjurations
  4893 | Temple   | Entered the Ecumenical Temple
  4913 | Temple   | Became a worshipper of Vehumet
  4980 | D:5      | Reached skill level 6 in Fire Magic
  5134 | D:5      | Your scales start taking on a glossy black colour.
  5134 | D:5      | Gained mutation: You are resistant to electric shocks. [Black Draconian growth]
  5134 | D:5      | Reached XP level 7. HP: 50/50 MP: 6/10
  5469 | D:5      | Found an iron altar of Okawaru.
  5475 | D:5      | Found a burning altar of Makhleb.
  5831 | D:6      | Reached skill level 7 in Fire Magic
  5990 | D:6      | Reached * piety under Vehumet
  5990 | D:6      | Offered knowledge of Sting by Vehumet.
  5990 | D:6      | Reached XP level 8. HP: 57/57 MP: 4/11
  6380 | D:6      | Reached skill level 8 in Fire Magic
  6648 | D:6      | Noticed Edmund
  6758 | D:6      | Killed Edmund
  7308 | D:7      | Noticed Dowan
  7309 | D:7      | Noticed Duvessa
  7333 | D:7      | Killed Dowan
  7393 | D:7      | Killed Duvessa
  7393 | D:7      | Reached XP level 9. HP: 42/62 MP: 3/12
  7441 | D:7      | Noticed Menkaure
  7495 | D:7      | Killed Menkaure
  7495 | D:7      | Reached skill level 9 in Fire Magic
  7518 | D:7      | Noticed Pikel
  7647 | D:7      | Killed Pikel
  7832 | D:7      | Found a shimmering altar of Xom.
  8125 | D:7      | Reached ** piety under Vehumet
  8125 | D:7      | Offered knowledge of Sandblast by Vehumet.
  8221 | D:7      | Reached skill level 10 in Fire Magic
  8755 | D:7      | Found a sparkling altar of Nemelex Xobeh.
  9054 | D:8      | Reached skill level 10 in Conjurations
  9280 | D:8      | Noticed Jessica
  9284 | D:8      | Reached XP level 10. HP: 15/69 MP: 3/13
  9434 | D:8      | Found a basalt altar of Yredelemnul.
  9611 | D:8      | Killed Jessica
  9704 | D:8      | Noticed Psyche
  9707 | D:8      | Cast into the Abyss (Psyche)
  9813 | Abyss:1  | Noticed a death knight
  9822 | Abyss:1  | Noticed an orb spider
  9822 | Abyss:1  | Killed a death knight
  9822 | Abyss:1  | Reached skill level 11 in Fire Magic
  9829 | D:8      | Escaped the Abyss
 10162 | D:7      | Offered knowledge of Mephitic Cloud by Vehumet.
 10233 | D:7      | Learned a level 3 spell: Mephitic Cloud
 10277 | D:8      | Killed Psyche
 10277 | D:8      | Reached skill level 1 in Air Magic
 10321 | D:8      | Found a radiant altar of Vehumet.
 10323 | D:8      | Noticed Dirtsage's ghost (novice OpMo)
 10440 | D:8      | Found a radiant altar of Vehumet.
 10797 | D:9      | Noticed Prince Ribbit
 10805 | D:9      | Killed Prince Ribbit
 11017 | D:9      | Reached *** piety under Vehumet
 11105 | D:9      | Found a staircase to the Lair.
 11377 | D:9      | Learned a level 5 spell: Fireball
 11660 | D:9      | Offered knowledge of Stone Arrow by Vehumet.
 12000 | D:9      | Reached XP level 11. HP: 56/74 MP: 8/16
 12258 | D:8      | Found a sparkling altar of Nemelex Xobeh.
 12598 | D:9      | Found a white marble altar of Elyvilon.
 12773 | D:9      | Reached **** piety under Vehumet
 13090 | D:10     | Entered Level 10 of the Dungeon
 13119 | D:10     | Found a staircase to the Orcish Mines.
 13119 | D:10     | Found Rant's Weapon Shoppe.
 13443 | Lair:1   | Entered Level 1 of the Lair of Beasts
 13571 | Lair:1   | Reached skill level 5 in Air Magic
 13822 | Lair:1   | Offered knowledge of Irradiate by Vehumet.
 13905 | Lair:1   | Reached skill level 12 in Fire Magic
 14384 | Lair:1   | Noticed Fannar
 14399 | Lair:1   | Killed Fannar
 14957 | Lair:2   | Learned a level 3 spell: Static Discharge
 14960 | Lair:2   | Learned a level 2 spell: Swiftness
 15018 | Lair:2   | Reached skill level 5 in Spellcasting
 15897 | Lair:2   | Noticed a four-headed hydra
 15913 | Lair:2   | Killed a four-headed hydra
 16550 | Lair:2   | Reached XP level 12. HP: 33/81 MP: 7/20
 17120 | Lair:3   | Found a hole to the Spider Nest.
 17370 | Lair:3   | Noticed Rupert
 17372 | Lair:3   | Paralysed by Rupert for 7 turns
 17401 | Lair:3   | Killed Rupert
 17857 | Lair:3   | Reached ***** piety under Vehumet
 18047 | Lair:3   | Offered knowledge of Olgreb's Toxic Radiance by Vehumet.
 18320 | Lair:3   | Reached skill level 13 in Fire Magic
 18614 | Lair:3   | Reached skill level 1 in Fighting
 19938 | Lair:4   | Noticed a seven-headed hydra
 19948 | Lair:4   | Killed a seven-headed hydra
 20175 | Lair:4   | Noticed a five-headed hydra
 20187 | Lair:4   | Killed a five-headed hydra
 20450 | Lair:4   | Noticed an eight-headed hydra
 20470 | Lair:4   | Killed an eight-headed hydra
 20627 | Lair:4   | Reached XP level 13. HP: 89/96 MP: 9/24
 21660 | Lair:4   | Gained mutation: You have an increased reservoir of magic (+10% MP). [potion of mutation]
 21660 | Lair:4   | Gained mutation: Your muscles are strong. (Str +2) [potion of mutation]
 21660 | Lair:4   | Gained mutation: Your spells are a little easier to cast, but a little less powerful. [potion of mutation]
 21669 | Lair:4   | Gained mutation: You are resistant to hostile enchantments. [potion of beneficial mutation]
 22415 | Lair:5   | Offered knowledge of Delayed Fireball by Vehumet.
 22607 | Lair:5   | Found a staircase to the Shoals.
 23417 | Lair:5   | Learned a level 7 spell: Delayed Fireball
 23476 | Lair:6   | Reached skill level 5 in Fighting
 23835 | Lair:6   | Found a dark tunnel.
 23910 | Lair:6   | Found a staircase to the Slime Pits.
 26124 | Lair:8   | Entered Level 8 of the Lair of Beasts
 26938 | Lair:7   | Reached skill level 14 in Conjurations
 27511 | Lair:7   | Reached skill level 10 in Air Magic
 27511 | Lair:7   | Gained mutation: Your large and strong wings let you fly indefinitely. [Black Draconian growth]
 27511 | Lair:7   | Reached XP level 14. HP: 81/113 MP: 24/29
 29076 | Lair:8   | Found a runed door.
 30401 | Lair:8   | Reached ****** piety under Vehumet
 31708 | Lair:8   | Learned a level 5 spell: Lightning Bolt
 32327 | D:10     | Bought the cursed +1 broad axe "Ostraiz" {flame, *Rage MP+9 SInv} for 219 gold pieces
 32628 | D:10     | Found a roughly hewn altar of Beogh.
 32648 | D:10     | Offered knowledge of Bolt of Magma by Vehumet.
 32860 | D:10     | Noticed an unseen horror
 32870 | D:10     | Killed an unseen horror
 34013 | D:11     | Learned a level 5 spell: Bolt of Magma
 34302 | D:11     | Reached skill level 5 in Dodging
 34655 | D:11     | Noticed Snorg
 34696 | D:11     | Killed Snorg
 36008 | Orc:1    | Entered Level 1 of the Orcish Mines
 36149 | Orc:1    | Offered knowledge of Freezing Cloud by Vehumet.
 36266 | Orc:1    | Noticed Harold
 36268 | Orc:1    | Noticed Nergalle
 36274 | Orc:1    | Killed Harold
 36280 | Orc:1    | Killed Nergalle
 37387 | Orc:3    | Learned a level 6 spell: Freezing Cloud
 37439 | Orc:3    | Found a staircase to the Elven Halls.
 37844 | Orc:3    | Reached skill level 1 in Ice Magic
 38186 | Orc:4    | Entered Level 4 of the Orcish Mines
 38290 | Orc:4    | Found a roughly hewn altar of Beogh.
 38479 | Orc:4    | Found Bequyn's Antique Armour Boutique.
 38488 | Orc:4    | Bought a pair of runed gloves for 126 gold pieces
 38782 | Orc:4    | Offered knowledge of Poisonous Cloud by Vehumet.
 39107 | Orc:4    | Found Gasoaf's Book Shop.
 39107 | Orc:4    | Found Iqarchom's Antique Armour Shop.
 39117 | Orc:4    | Found Zoniy's General Store.
 39120 | Orc:4    | Found Qiysyu's Weapon Boutique.
 39897 | Orc:4    | Reached XP level 15. HP: 124/124 MP: 30/30
 40236 | Orc:4    | Noticed Nessos
 40346 | Orc:4    | Bought a pair of runed gloves for 135 gold pieces
 40348 | Orc:4    | Bought 3 fruits for 63 gold pieces
 40348 | Orc:4    | Bought a beef jerky for 21 gold pieces
 40348 | Orc:4    | Bought a lamp of fire for 560 gold pieces
 40474 | Orc:4    | Killed Nessos
 42049 | D:12     | Found Keteppu's Armour Boutique.
 42057 | D:12     | Bought a +1 cloak for 149 gold pieces
 42149 | D:12     | Noticed Maurice
 42157 | D:12     | Paralysed by Maurice for 7 turns
 42663 | D:12     | Killed Maurice
 43516 | D:13     | Offered knowledge of Orb of Destruction by Vehumet.
 43525 | D:13     | Noticed Urug
 43528 | D:13     | Reached skill level 5 in Ice Magic
 43566 | D:13     | Killed Urug
 44814 | D:13     | Found a gate to the Vaults.
 46840 | D:13     | Found a roughly hewn altar of Beogh.
 46990 | D:14     | Found a blossoming altar of Fedhas.
 47087 | D:14     | Offered knowledge of Spellforged Servitor by Vehumet.
 47237 | D:14     | Found Hetafice's Antique Armour Emporium.
 48286 | D:14     | Upgraded the game from 0.17.0-23-g0de4337 to 0.17.0-24-gcfadda4
 48313 | D:15     | Entered Level 15 of the Dungeon
 48502 | D:15     | Reached skill level 10 in Spellcasting
 50193 | D:15     | Noticed Agnes
 50534 | D:14     | Reached XP level 16. HP: 126/132 MP: 33/33
 50682 | D:15     | Gained mutation: You are agile. (Dex +2) [mutagenic meat]
 50683 | D:15     | Lost mutation: You are agile. (Dex +2) [mutagenic meat]
 50915 | D:15     | Found a staircase to the Depths.
 50947 | D:15     | Killed Agnes
 50947 | D:15     | Reached skill level 15 in Conjurations
 52079 | D:15     | Offered knowledge of Fire Storm by Vehumet.
 52079 | D:15     | Offered knowledge of Glaciate by Vehumet.
 52079 | D:15     | Offered knowledge of Chain Lightning by Vehumet.
 52380 | Lair:1   | Learned a level 3 spell: Conjure Flame
 52535 | Shoals:1 | Entered Level 1 of the Shoals
 52613 | Shoals:1 | Got a steaming lead ring
 52632 | Lair:5   | Identified the ring "Variebakk" {Ice rPois MR++} (You found it on level 1 of the Shoals)
 56514 | Shoals:1 | Reached skill level 15 in Fire Magic
 57947 | Shoals:2 | Reached skill level 16 in Conjurations
 58258 | Shoals:2 | Reached XP level 17. HP: 130/137 MP: 36/36
 59512 | Shoals:3 | Found Ysahidu's Magic Scroll Shop.
 60210 | Spider:1 | Entered Level 1 of the Spider Nest
 60331 | Spider:1 | You are sucked into a shaft!
 63095 | Spider:2 | HP: 5/137 [demonic crawler (9)]
 63096 | Spider:2 | Slain by a demonic crawler

Action                   |  1- 3 |  4- 6 |  7- 9 | 10-12 | 13-15 | 16-18 || total
-------------------------+-------+-------+-------+-------+-------+-------++-------
Melee: Short sword       |    47 |    40 |       |       |       |       ||    87
       Unarmed           |    15 |       |       |       |       |       ||    15
       Flail             |       |    13 |   129 |   256 |   262 |     7 ||   667
       Broad axe         |       |       |       |       |   149 |    17 ||   166
       Staff             |       |       |       |       |       |    68 ||    68
Throw: Javelin           |       |       |       |     1 |       |       ||     1
 Cast: Flame Tongue      |    45 |   119 |   132 |   280 |  1184 |    58 ||  1818
       Sticky Flame      |       |     1 |    31 |   153 |   428 |    79 ||   692
       Static Discharge  |       |       |       |    16 |   144 |   125 ||   285
       Delayed Fireball  |       |       |       |       |    16 |     2 ||    18
       Swiftness         |       |       |       |       |    12 |     4 ||    16
       Bolt of Magma     |       |       |       |       |    74 |     3 ||    77
       Mephitic Cloud    |       |       |       |       |    21 |       ||    21
       Fireball          |       |       |       |       |    11 |       ||    11
       Lightning Bolt    |       |       |       |       |     3 |       ||     3
       Freezing Cloud    |       |       |       |       |     1 |   202 ||   203
 Abil: Breathe Lightning |       |       |    12 |    17 |    26 |     3 ||    58
       Release Delayed F |       |       |       |       |    15 |     2 ||    17
       Fly               |       |       |       |       |     1 |       ||     1
Evoke: Wand              |       |       |       |    21 |    10 |     9 ||    40
       Phial of floods   |       |       |       |     1 |     1 |       ||     2
       Lamp of fire      |       |       |       |       |     1 |     1 ||     2
  Use: Scroll            |     1 |       |     3 |    10 |    19 |     5 ||    38
       Potion            |       |       |     1 |     7 |    16 |     3 ||    27
 Stab: Confused          |       |       |       |     1 |     1 |       ||     2
       Paralysed         |       |       |       |     7 |       |       ||     7
       Sleeping          |       |       |       |     2 |       |       ||     2
  Eat: Chunk             |     3 |    12 |    14 |    35 |    92 |    60 ||   216
       Fruit             |       |     1 |     1 |     5 |    21 |     8 ||    36
       Beef jerky        |       |       |     3 |     1 |       |     1 ||     5
       Meat ration       |       |       |     1 |     1 |     3 |     3 ||     8
       Bread ration      |       |       |       |     4 |     8 |     5 ||    17
       Pizza             |       |       |       |       |     1 |     1 ||     2
       Royal jelly       |       |       |       |       |     1 |       ||     1
